| TOP OF THE 1ST |
|
Reno Aces batting - Pitching for Colorado Springs Sky Sox : RHP Carlos Delgado
|
|
Pitching: RHP Carlos Delgado
|
|
|
Batting: RHB Joe Smack
|
0-0: Ball 1-0: Ground out 6-3 (Groundball, 6, EV 100.6 MPH)
|
|
Batting: RHB Scott Travis
|
0-0: Ball 1-0: Foul Ball, location: 2F 1-1: Ground out 4-3 (Groundball, 4, EV 103.8 MPH)
|
|
Batting: RHB Jon Solano
|
0-0: Ball 1-0: Called Strike 1-1: DOUBLE (Flyball, 8LXD, EV 96.3 MPH)
|
|
Batting: LHB Chris Escobar
|
0-0: Ball 1-0: SINGLE (Flyball, 56D, EV 93.8 MPH) Jon Solano to third Runner from 3rd tries for Home, throw by LF and OUT! 7-2
|
| Top of the 1st over - 0 runs, 2 hits, 0 errors, 1 left on base; Reno 0 - Colorado Springs 0 |
| BOTTOM OF THE 1ST |
|
Colorado Springs Sky Sox batting - Pitching for Reno Aces : LHP Murphy Quirk
|
|
Pitching: LHP Murphy Quirk
|
|
|
Batting: RHB Kennet Strijbis
|
0-0: Ball 1-0: Ball 2-0: SINGLE (Flyball, 8LS, EV 97.5 MPH)
|
|
Batting: RHB Orlando Fernandez
|
0-0: Called Strike 0-1: Ball 1-1: Swinging Strike 1-2: Fly out, F8 (Flyball, 8LM, EV 88.1 MPH)
|
|
Batting: RHB John Michener
|
0-0: Ball Pickoff Throw to First - Error! E1 Kennet Strijbis to second 1-0: Called Strike 1-1: Foul Ball, location: 2F 1-2: Ground out 6-3 (Groundball, 56, EV 76.9 MPH)
|
|
Batting: RHB George Lundy
|
0-0: Ball 1-0: Ball 2-0: Called Strike 2-1: Fly out, F7 (Flyball, 78S, EV 91.9 MPH)
|
| Bottom of the 1st over - 0 runs, 1 hit, 1 error, 1 left on base; Reno 0 - Colorado Springs 0 |
| TOP OF THE 2ND |
|
Reno Aces batting - Pitching for Colorado Springs Sky Sox : RHP Carlos Delgado
|
|
Batting: SHB Warren Eisner
|
0-0: Ball 1-0: Called Strike 1-1: Called Strike 1-2: Foul Ball, location: 2F 1-2: Strikes out swinging
|
|
Batting: RHB Israel Gaona
|
0-0: Called Strike 0-1: Called Strike 0-2: Strikes out swinging
|
|
Batting: RHB Alex Vasquez
|
0-0: Ball 1-0: Ball 2-0: Ball 3-0: Called Strike 3-1: Fly out, F3 (Popup, 3F, EV 61.9 MPH)
|
| Top of the 2nd over - 0 runs, 0 hits, 0 errors, 0 left on base; Reno 0 - Colorado Springs 0 |
| BOTTOM OF THE 2ND |
|
Colorado Springs Sky Sox batting - Pitching for Reno Aces : LHP Murphy Quirk
|
|
Batting: RHB Fu-Kang Duan
|
0-0: Foul Ball, location: 2F 0-1: Ball 1-1: Ball 2-1: Foul Ball, location: 2F 2-2: SINGLE (Groundball, 6D, EV 103.8 MPH)
|
|
Batting: LHB Dave Doughty
|
0-0: Called Strike 0-1: Called Strike 0-2: Strikes out swinging
|
|
Batting: LHB Koson Hirai
|
0-0: Foul Ball, location: 2F 0-1: Ball 1-1: SINGLE (Groundball, 34D, EV 95.6 MPH) Fu-Kang Duan to second Runner from 2nd tries for 3rd, SAFE, throw by RF made to third
|
|
Batting: RHB Dwane Reed
|
0-0: Swinging Strike 0-1: Called Strike 0-2: Ball 1-2: Strikes out swinging
|
|
Batting: RHB Enrique Vazquez
|
0-0: Ball 1-0: Foul Ball, location: 2F 1-1: Ball 2-1: Foul Ball, location: 2F 2-2: Ball 3-2: Ground out 5-3 (Groundball, 56S, EV 76.3 MPH)
|
| Bottom of the 2nd over - 0 runs, 2 hits, 0 errors, 2 left on base; Reno 0 - Colorado Springs 0 |
| TOP OF THE 3RD |
|
Reno Aces batting - Pitching for Colorado Springs Sky Sox : RHP Carlos Delgado
|
|
Batting: LHB Josh Kirk
|
0-0: Called Strike 0-1: Ball 1-1: Ball 2-1: Ball 3-1: Foul Ball, location: 2F 3-2: Foul Ball, location: 2F 3-2: Base on Balls
|
|
Batting: SHB Luis Lira
|
0-0: Ball Josh Kirk steals 2nd base 1-0: Foul Ball, location: 2F 1-1: Swinging Strike 1-2: Strikes out swinging
|
|
Batting: RHB Joe Smack
|
0-0: Foul Ball, location: 2F 0-1: Foul Ball, location: 2F 0-2: SINGLE (Groundball, 34S, EV 74.4 MPH) (infield hit) Josh Kirk to third
|
|
Batting: RHB Scott Travis
|
0-0: Ball 1-0: Ball 2-0: Foul Ball, location: 2F 2-1: SINGLE (Flyball, 8RS, EV 99.4 MPH) Josh Kirk scores Joe Smack to second Runner from 2nd tries for 3rd, SAFE, throw by CF made to third
|
|
Batting: RHB Jon Solano
|
0-0: Foul Ball, location: 2F 0-1: Called Strike 0-2: Ball 1-2: Ball 2-2: Foul Ball, location: 2F 2-2: Ball 3-2: SINGLE (Groundball, 6D, EV 94.4 MPH) Joe Smack scores Scott Travis to second
|
|
Batting: LHB Chris Escobar
|
0-0: Foul Ball, location: 2F 0-1: Foul Ball, location: 2F 0-2: Foul Ball, location: 2F 0-2: Fly out, F8 (Flyball, 89XD, EV 100.0 MPH) Runner from 2nd tags up, SAFE at 3rd, no throw by CF
|
|
Batting: SHB Warren Eisner
|
0-0: Called Strike 0-1: Foul Ball, location: 2F 0-2: Foul Ball, location: 2F 0-2: Fly out, F8 (Flyball, 8RXD, EV 92.5 MPH)
|
| Top of the 3rd over - 2 runs, 3 hits, 0 errors, 2 left on base; Reno 2 - Colorado Springs 0 |
| BOTTOM OF THE 3RD |
|
Colorado Springs Sky Sox batting - Pitching for Reno Aces : LHP Murphy Quirk
|
|
Batting: RHB Kennet Strijbis
|
0-0: Ground out 2-3 (Groundball, 13S, EV 64.4 MPH)
|
|
Batting: RHB Orlando Fernandez
|
0-0: Called Strike 0-1: Called Strike 0-2: Foul Ball, location: 2F 0-2: Ground out 5-3 (Groundball, 56S, EV 93.8 MPH)
|
|
Batting: RHB John Michener
|
0-0: Fly out, F8 (Flyball, 8LM, EV 87.5 MPH)
|
| Bottom of the 3rd over - 0 runs, 0 hits, 0 errors, 0 left on base; Reno 2 - Colorado Springs 0 |
| TOP OF THE 4TH |
|
Reno Aces batting - Pitching for Colorado Springs Sky Sox : RHP Carlos Delgado
|
|
Batting: RHB Israel Gaona
|
0-0: Ball 1-0: Ground out 5-3 (Groundball, 5, EV 89.4 MPH)
|
|
Batting: RHB Alex Vasquez
|
0-0: Called Strike 0-1: Ball 1-1: Fly out, F9 (Flyball, 89D, EV 91.9 MPH)
|
|
Batting: LHB Josh Kirk
|
0-0: Ground out 6-3 (Groundball, 6, EV 90.0 MPH)
|
| Top of the 4th over - 0 runs, 0 hits, 0 errors, 0 left on base; Reno 2 - Colorado Springs 0 |
| BOTTOM OF THE 4TH |
|
Colorado Springs Sky Sox batting - Pitching for Reno Aces : LHP Murphy Quirk
|
|
Batting: RHB George Lundy
|
0-0: Called Strike 0-1: Ball 1-1: Called Strike 1-2: Strikes out swinging
|
|
Batting: RHB Fu-Kang Duan
|
0-0: Reached on error, E6 (Groundball, 6, EV 85.6 MPH)
|
|
Batting: LHB Dave Doughty
|
0-0: Ball 1-0: Called Strike Fu-Kang Duan steals 2nd base 1-1: Ball 2-1: Foul Ball, location: 2F 2-2: Ground out 4-3 (Groundball, 4, EV 81.9 MPH) Fu-Kang Duan to third
|
|
Batting: LHB Koson Hirai
|
0-0: Ground out 2-3 (Groundball, 15S, EV 69.4 MPH)
|
| Bottom of the 4th over - 0 runs, 0 hits, 1 error, 1 left on base; Reno 2 - Colorado Springs 0 |
| TOP OF THE 5TH |
|
Reno Aces batting - Pitching for Colorado Springs Sky Sox : RHP Carlos Delgado
|
|
Batting: SHB Luis Lira
|
0-0: SINGLE (Groundball, 56S, EV 65.0 MPH) (infield hit)
|
|
Batting: RHB Joe Smack
|
0-0: Called Strike 0-1: Ball 1-1: Called Strike 1-2: Ball 2-2: Fly out, F8 (Flyball, 8RS, EV 85.6 MPH)
|
|
Batting: RHB Scott Travis
|
0-0: Ball 1-0: Ball 2-0: Called Strike 2-1: Called Strike 2-2: Foul Ball, location: 2F 2-2: Ground out 5-3 (Groundball, 56S, EV 71.3 MPH) Luis Lira to second
|
|
Batting: RHB Jon Solano
|
0-0: Ball 1-0: Foul Ball, location: 2F 1-1: Fly out, F6 (Flyball, 56D, EV 91.3 MPH)
|
| Top of the 5th over - 0 runs, 1 hit, 0 errors, 1 left on base; Reno 2 - Colorado Springs 0 |
| BOTTOM OF THE 5TH |
|
Colorado Springs Sky Sox batting - Pitching for Reno Aces : LHP Murphy Quirk
|
|
Batting: RHB Dwane Reed
|
0-0: Ball 1-0: Called Strike 1-1: Foul Ball, location: 2F 1-2: Ball 2-2: Fly out, F9 (Flyball, 9, EV 74.4 MPH)
|
|
Batting: RHB Enrique Vazquez
|
0-0: Ball 1-0: Swinging Strike 1-1: Swinging Strike 1-2: Ball 2-2: Ground out U3 (Groundball, 23, EV 89.4 MPH)
|
|
Batting: RHB Kennet Strijbis
|
0-0: Called Strike 0-1: Foul Ball, location: 2F 0-2: Strikes out swinging
|
| Bottom of the 5th over - 0 runs, 0 hits, 0 errors, 0 left on base; Reno 2 - Colorado Springs 0 |
| TOP OF THE 6TH |
|
Reno Aces batting - Pitching for Colorado Springs Sky Sox : RHP Carlos Delgado
|
|
Batting: LHB Chris Escobar
|
0-0: Called Strike 0-1: Ball 1-1: Called Strike 1-2: Strikes out swinging
|
|
Batting: SHB Warren Eisner
|
0-0: Called Strike 0-1: Called Strike 0-2: SINGLE (Line Drive, 9S, EV 100.0 MPH)
|
|
Batting: RHB Israel Gaona
|
0-0: Ball 1-0: Foul Ball, location: 2F 1-1: Ball 2-1: Ball Warren Eisner steals 2nd, throwing error, E2 Warren Eisner to third 3-1: Intentional Walk
|
|
Batting: RHB Alex Vasquez
|
0-0: Ball Israel Gaona is caught stealing 2nd base 2-4 1-0: Ground out 6-3 (Groundball, 6M, EV 98.8 MPH)
|
| Top of the 6th over - 0 runs, 1 hit, 1 error, 1 left on base; Reno 2 - Colorado Springs 0 |
| BOTTOM OF THE 6TH |
|
Colorado Springs Sky Sox batting - Pitching for Reno Aces : LHP Murphy Quirk
|
|
Batting: RHB Orlando Fernandez
|
0-0: Swinging Strike 0-1: Swinging Strike 0-2: Ball 1-2: Strikes out swinging
|
|
Batting: RHB John Michener
|
0-0: Called Strike 0-1: Swinging Strike 0-2: Foul Ball, location: 2F 0-2: Ball 1-2: Ball 2-2: Ball 3-2: Foul Ball, location: 2F 3-2: Strikes out looking
|
|
Batting: RHB George Lundy
|
0-0: Called Strike 0-1: Fly out, F8 (Flyball, 89M, EV 90.6 MPH)
|
| Bottom of the 6th over - 0 runs, 0 hits, 0 errors, 0 left on base; Reno 2 - Colorado Springs 0 |
| TOP OF THE 7TH |
|
Reno Aces batting - Pitching for Colorado Springs Sky Sox : RHP Carlos Delgado
|
|
Pitching: RHP Dave Alfonso
|
|
|
Batting: LHB Josh Kirk
|
0-0: SINGLE (Groundball, 5D, EV 96.9 MPH)
|
|
Batting: SHB Luis Lira
|
0-0: Ball 1-0: Sac Bunt to 13S - play at first, batter OUT! 1-4 Josh Kirk to second
|
|
Batting: RHB Joe Smack
|
0-0: Ball 1-0: Ball 2-0: Called Strike 2-1: Ball 3-1: 2-RUN HOME RUN (Flyball, 7D, EV 100.0 MPH), Distance : 375 ft
|
|
Batting: RHB Scott Travis
|
0-0: Swinging Strike 0-1: Ball 1-1: Ground out 5-3 (Groundball, 56, EV 82.5 MPH)
|
|
Batting: RHB Jon Solano
|
0-0: Called Strike 0-1: Fly out, F7 (Flyball, 7, EV 90.6 MPH)
|
| Top of the 7th over - 2 runs, 2 hits, 0 errors, 0 left on base; Reno 4 - Colorado Springs 0 |
| BOTTOM OF THE 7TH |
|
Colorado Springs Sky Sox batting - Pitching for Reno Aces : LHP Murphy Quirk
|
|
Batting: RHB Fu-Kang Duan
|
0-0: Ball 1-0: Ball 2-0: Swinging Strike 2-1: Foul Ball, location: 2F 2-2: Ball 3-2: Strikes out swinging, 2-3 out at first.
|
|
Batting: LHB Dave Doughty
|
0-0: Ball 1-0: Ground out 5-3 (Groundball, 56, EV 88.1 MPH)
|
|
Batting: LHB Koson Hirai
|
0-0: Ball 1-0: Called Strike 1-1: Ball 2-1: Ball 3-1: DOUBLE (Line Drive, 78D, EV 100.0 MPH)
|
|
Batting: RHB Dwane Reed
|
0-0: Ball 1-0: Ball 2-0: Ball 3-0: Called Strike 3-1: Foul Ball, location: 2F 3-2: Foul Ball, location: 2F 3-2: Reached on error, E4 (Groundball, 4M, EV 78.1 MPH) Koson Hirai to third
|
|
Batting: RHB Enrique Vazquez
|
0-0: Ball 1-0: Called Strike 1-1: Swinging Strike 1-2: Foul Ball, location: 2F 1-2: Strikes out swinging, 2-3 out at first.
|
| Bottom of the 7th over - 0 runs, 1 hit, 1 error, 2 left on base; Reno 4 - Colorado Springs 0 |
| TOP OF THE 8TH |
|
Reno Aces batting - Pitching for Colorado Springs Sky Sox : RHP Dave Alfonso
|
|
Batting: LHB Chris Escobar
|
0-0: Ball 1-0: SINGLE (Line Drive, 4D, EV 99.4 MPH)
|
|
Batting: SHB Warren Eisner
|
0-0: Called Strike 0-1: Foul Ball, location: 2F 0-2: Ball 1-2: Strikes out looking
|
|
Batting: RHB Israel Gaona
|
0-0: 2-RUN HOME RUN (Flyball, 7D, EV 105.0 MPH), Distance : 389 ft
|
|
Pitching: RHP Freddy Barahona
|
|
|
Batting: RHB Alex Vasquez
|
0-0: Fly out, F6 (Line Drive, 6, EV 68.1 MPH)
|
|
Batting: LHB Josh Kirk
|
0-0: Called Strike 0-1: Ball 1-1: Ball 2-1: Called Strike 2-2: Ball 3-2: SINGLE (Groundball, 6MD, EV 94.4 MPH)
|
|
Batting: SHB Luis Lira
|
0-0: Ball 1-0: Fielders Choice at 2nd, 5-4 (Groundball, 5, EV 78.8 MPH)
|
| Top of the 8th over - 2 runs, 3 hits, 0 errors, 1 left on base; Reno 6 - Colorado Springs 0 |
| BOTTOM OF THE 8TH |
|
Colorado Springs Sky Sox batting - Pitching for Reno Aces : LHP Murphy Quirk
|
|
Pitching: RHP Tyler Deloatch
|
|
|
Batting: RHB Kennet Strijbis
|
0-0: Ball 1-0: Called Strike 1-1: Foul Ball, location: 2F 1-2: Foul Ball, location: 2F 1-2: Foul Ball, location: 2F 1-2: Ball 2-2: Foul Ball, location: 2F 2-2: SINGLE (Line Drive, 56, EV 99.4 MPH)
|
|
Batting: RHB Orlando Fernandez
|
0-0: Foul Ball, location: 2F 0-1: Called Strike 0-2: Strikes out swinging
|
|
Batting: RHB John Michener
|
0-0: Called Strike 0-1: Ball 1-1: Fly out, F6 (Flyball, 56D, EV 85.0 MPH)
|
|
Batting: RHB George Lundy
|
0-0: Ball 1-0: Called Strike 1-1: Ball 2-1: Foul Ball, location: 2F 2-2: Ball 3-2: SINGLE (Groundball, 56D, EV 111.9 MPH) Kennet Strijbis to second Kennet Strijbis to third
|
|
Batting: RHB Fu-Kang Duan
|
0-0: Called Strike 0-1: Ball 1-1: Ground out 1-3 (Groundball, 15S, EV 71.3 MPH)
|
| Bottom of the 8th over - 0 runs, 2 hits, 0 errors, 2 left on base; Reno 6 - Colorado Springs 0 |
| TOP OF THE 9TH |
|
Reno Aces batting - Pitching for Colorado Springs Sky Sox : RHP Freddy Barahona
|
|
Batting: RHB Joe Smack
|
0-0: Swinging Strike 0-1: Foul Ball, location: 2F 0-2: Ball 1-2: Ground out 5-3 (Groundball, 56S, EV 74.4 MPH)
|
|
Batting: RHB Scott Travis
|
0-0: Called Strike 0-1: Ball 1-1: Ball 2-1: Foul Ball, location: 2F 2-2: Fly out, F8 (Flyball, 8RM, EV 86.3 MPH)
|
|
Batting: RHB Jon Solano
|
0-0: Ball 1-0: Ball 2-0: Ball 3-0: Called Strike 3-1: Fly out, F9 (Line Drive, 9, EV 88.8 MPH)
|
| Top of the 9th over - 0 runs, 0 hits, 0 errors, 0 left on base; Reno 6 - Colorado Springs 0 |
| BOTTOM OF THE 9TH |
|
Colorado Springs Sky Sox batting - Pitching for Reno Aces : RHP Tyler Deloatch
|
|
Batting: LHB Dave Doughty
|
0-0: Ball 1-0: Ball 2-0: Ball 3-0: Called Strike 3-1: Base on Balls
|
|
Batting: LHB Koson Hirai
|
0-0: Called Strike 0-1: Ball 1-1: Swinging Strike 1-2: Foul Ball, location: 2F 1-2: Foul Ball, location: 2F 1-2: SINGLE (Groundball, 6MD, EV 110.6 MPH) Dave Doughty to second
|
|
Batting: RHB Dwane Reed
|
0-0: Grounds into double play, 5-4-3 (Groundball, 56, EV 102.5 MPH) Dave Doughty to third
|
|
Batting: RHB Enrique Vazquez
|
0-0: Ground out 6-3 (Groundball, 6, EV 79.4 MPH)
|
| Bottom of the 9th over - 0 runs, 1 hit, 0 errors, 1 left on base; Reno 6 - Colorado Springs 0 |
|